 Dungeon Sprint DCSS version 0.22.1-2-g9c5b331 (webtiles) character file.

201 diana the Carver (level 5, -3/38 HPs)
             Began as a Demonspawn Gladiator on Dec 14, 2018.
             Was an Elder of Dithmenos.
             Slain by a redback (7 damage)
             ... in the Dungeon (Sprint VII: "The Pits").
             The game lasted 00:02:14 (731 turns).

diana the Carver (Demonspawn Gladiator)              Turns: 731, Time: 00:02:16

Health: -3/38      AC: 12    Str: 14    XL:     5   Next: 50%
Magic:  5/5        EV:  7    Int: 10    God:    Dithmenos [****..]
Gold:   0          SH:  0    Dex: 15    Spells: 4/4 levels left

rFire    + . .     SeeInvis .   m - +2 falchion
rCold    . . .     Gourm    .   (no shield)
rNeg     . . .     Faith    .   r - +3 chain mail
rPois    .         Spirit   .   c - +0 helmet
rElec    .         Reflect  .   (no cloak)
rCorr    .         Harm     .   (no gloves)
MR       .....     NoTele   +   (no boots)
Stlth    ..........             (no amulet)
HPRegen  0.12/turn              (no ring)
MPRegen  0.09/turn              (no ring)

@: lethally poisoned (-3 -> -46), wreathed by umbra
A: fire resistance 1, powered by death 1
a: Shadow Step, Renounce Religion


You were in the Dungeon.
You worshipped Dithmenos.
Dithmenos was greatly pleased with you.
You were not hungry.

You visited 1 branch

Inventory:

Hand Weapons
 a - a +0 long sword
 l - a +2 dagger
 m - a +2 falchion (weapon)
Missiles
 d - 3 throwing nets (quivered)
Armour
 b - a +0 leather armour
 c - a +0 helmet (worn)
 r - a +3 chain mail (worn)
Scrolls
 k - a scroll of blinking
 o - 3 scrolls of remove curse
 p - 5 scrolls of amnesia
 q - a scroll of summoning
Potions
 e - 5 potions of curing
 g - 6 potions of heal wounds
 h - a potion of haste
 i - 4 potions of magic
 j - 3 potions of berserk rage
 n - 2 potions of invisibility
Comestibles
 f - 9 rations
 s - 3 chunks of flesh


   Skills:
 - Level 2.0 Fighting
 + Level 10.8 Long Blades
 - Level 1.7 Throwing
 - Level 2.6 Dodging


You had 4 spell levels left.
You didn't know any spells.
Your spell library was empty.

Dungeon Overview and Level Annotations

Branches:
Dungeon (1/1)

Altars:
Ashenzari
Cheibriados
Dithmenos
Elyvilon
Fedhas
Gozag
Hepliaklqana
Kikubaaqudgha
Makhleb
Nemelex Xobeh
Okawaru
Qazlal
Ru
Sif Muna
Trog
Uskayaw
Vehumet
Wu Jian
Xom
Yredelemnul
Zin
The Shining One
Beogh
Jiyva
Lugonu


Innate Abilities, Weirdness & Mutations

Your flesh is heat resistant. (rF+)
You regenerate a little health from kills.


Message History

You hit the redback.
The redback is lightly wounded.
You feel sick. The redback bites you!
You are more poisoned.
The redback poisons you!
You barely miss the redback.
The redback is lightly wounded.
You feel very sick.
The redback bites you but does no damage.
You feel better. The redback bites you!
You slash the redback!
The redback is moderately wounded.
Your shadow barely misses the redback.
The redback bites you.
Your chain mail prevents you from hitting the redback.
The redback is moderately wounded.
The redback bites you!
* * * LOW HITPOINT WARNING * * *
You are lethally poisoned!
The redback poisons you! The redback bites you!
You die...

#.#........##.......#
#'###########.......#
#.......# #########
#..###..# #.......#
##.###.##+#
#.......#.+
#..###..#s#
#.......'@#
###########


You could see a redback.

Vanquished Creatures
  A floating eye (D)
  An iguana (D)
  A worker ant (D)
  A mummy (D)
  A river rat (D)
  An adder (D)
  An ufetubus (D)
  An ooze (D)
  A leopard gecko (D)
  A giant cockroach (D)
  A hobgoblin (D)
  7 jackals (D)
  2 frilled lizards (D)
20 creatures vanquished.

Notes
Turn   | Place    | Note
-------+----------+-------------------------------------------
     0 | D        | diana the Demonspawn Gladiator began the quest for the Orb.
     0 | D        | Reached XP level 1. HP: 16/16 MP: 1/1
    13 | D        | Reached skill level 3 in Long Blades
    62 | D        | Found a glowing golden altar of the Shining One.
    62 | D        | Found a glowing silver altar of Zin.
    62 | D        | Found a basalt altar of Yredelemnul.
    62 | D        | Found a shimmering altar of Xom.
    62 | D        | Found an ornate altar of the Wu Jian Council.
    62 | D        | Found a bloodstained altar of Trog.
    62 | D        | Found a deep blue altar of Sif Muna.
    62 | D        | Found a sacrificial altar of Ru.
    62 | D        | Found a stormy altar of Qazlal.
    62 | D        | Found an iron altar of Okawaru.
    62 | D        | Found a sparkling altar of Nemelex Xobeh.
    62 | D        | Found a burning altar of Makhleb.
    62 | D        | Found a viscous altar of Jiyva.
    62 | D        | Found a hazy altar of Hepliaklqana.
    62 | D        | Found an opulent altar of Gozag.
    62 | D        | Found a blossoming altar of Fedhas.
    62 | D        | Found a white marble altar of Elyvilon.
    62 | D        | Found a shadowy altar of Dithmenos.
    62 | D        | Found a snail-covered altar of Cheibriados.
    63 | D        | Found a radiant altar of Vehumet.
    63 | D        | Found a corrupted altar of Lugonu.
    63 | D        | Found a roughly hewn altar of Beogh.
    64 | D        | Found an ancient bone altar of Kikubaaqudgha.
    64 | D        | Found a hide-covered altar of Uskayaw.
    64 | D        | Found a shattered altar of Ashenzari.
    71 | D        | Became a worshipper of Dithmenos the Shadowed
    86 | D        | Noticed a worker ant
    92 | D        | Killed a worker ant
    92 | D        | Reached skill level 6 in Long Blades
    92 | D        | Gained mutation: Your flesh is heat resistant. (rF+)
                  | [demonic ancestry]
    92 | D        | Reached XP level 2. HP: 9/22 MP: 2/2
   367 | D        | Reached * piety under Dithmenos
   370 | D        | Reached XP level 3. HP: 20/27 MP: 3/3
   451 | D        | Reached ** piety under Dithmenos
   467 | D        | Reached *** piety under Dithmenos
   467 | D        | Reached skill level 7 in Long Blades
   582 | D        | Noticed a floating eye
   590 | D        | Killed a floating eye
   590 | D        | Reached skill level 9 in Long Blades
   590 | D        | Reached XP level 4. HP: 33/33 MP: 4/4
   590 | D        | Gained mutation: You regenerate a little health from kills.
                  | [demonic ancestry]
   590 | D        | Reached XP level 5. HP: 38/38 MP: 5/5
   598 | D        | Reached **** piety under Dithmenos
   640 | D        | Reached skill level 10 in Long Blades
   724 | D        | Noticed a redback
   731 | D        | Slain by a redback

Skill      XL: |  1  2  3  4  5 |
---------------+----------------+-----
Long Blades    | 6 9 10 | 10.8
Fighting       | |  2.0
Throwing       | |  1.7
Dodging        | |  2.6

Action                   |  1- 3 |  4- 6 || total
-------------------------+-------+-------++-------
Melee: Falchion          |    41 |    35 ||    76
       Long sword        |     3 |       ||     3
  Use: Potion            |       |     1 ||     1
 Stab: Sleeping          |     1 |       ||     1
Armor: Leather armour    |    20 |       ||    20
       Chain mail        |       |    11 ||    11
Dodge: Dodged            |    56 |    13 ||    69
       Rpst.: Falchion   |    16 |     7 ||    23
       Long sword        |     1 |       ||     1
